 Dungeon Crawl Stone Soup version 0.26.1-11-gd32895ea62 (webtiles) character file.

Game seed: 16227720820633390018

56 unlimited1921 the Conjurer (level 3, -2/26 HPs)
             Began as a Draconian Conjurer on July 12, 2021.
             Slain by an ooze (4 damage)
             ... on level 2 of the Dungeon.
             The game lasted 00:14:08 (1869 turns).

unlimited1921 the Conjurer (Draconian Conjurer)     Turns: 1869, Time: 00:14:09

Health: -2/26      AC:  5    Str: 10    XL:     3   Next: 71%
Magic:  6/6        EV: 12    Int: 18    God:
Gold:   51         SH:  0    Dex:  9    Spells: 5/6 levels left

rFire    . . .     SeeInvis .   i - +0 hand axe {first weapon}
rCold    . . .     Faith    .   (no shield)
rNeg     . . .     Spirit   .   (armour unavailable)
rPois    .         Reflect  .   (helmet restricted)
rElec    .         Harm     .   (no cloak)
rCorr    .         Rampage  .   (no gloves)
Will     .....                  (no boots)
Stlth    ++........             (no amulet)
HPRegen  0.08/turn              (no ring)
MPRegen  0.10/turn              (no ring)

@: slowed, very slow
A: unfitting armour, cold-blooded, AC +5
a: no special abilities


You were on level 2 of the Dungeon.
You visited 1 branch of the dungeon, and saw 2 of its levels.

You collected 51 gold pieces.

Inventory:

Hand Weapons
 e - a +0 hunting sling
 i - a +0 hand axe (weapon) {first weapon}
 n - a +0 hunting sling
 p - a +0 club
Missiles
 a - 46 bolts
 c - 24 stones
 o - 18 sling bullets
Armour
 g - a +0 ring mail
 m - a +2 helmet
Wands
 l - a wand of random effects (9) (quivered)
Scrolls
 b - a scroll of identify {unknown}
 d - a scroll of teleportation {unknown}
 f - a scroll of amnesia {unknown}
 h - a scroll of enchant armour {unknown}
 j - a scroll of fear {unknown}
Potions
 k - a potion of curing {unknown}


   Skills:
 + Level 0.1 Fighting
 + Level 0.4 Axes
 + Level 2.0 Dodging
 + Level 2.4 Stealth
 + Level 2.2 Spellcasting
 + Level 4.7 Conjurations


You had 5 spell levels left.
You knew the following spells:

 Your Spells              Type           Power        Failure   Level
a - Magic Dart            Conj           76%          2%          1

Your spell library contained the following spells:

 Spells                   Type           Power        Failure   Level
 Searing Ray              Conj           38%          3%          2
 Dazzling Flash           Conj/Hex       20%          21%         3
 Fulminant Prism          Conj/Hex       5%           54%         4
 Iskenderun's Mystic Bla  Conj/Tloc      10%          54%         4


Dungeon Overview and Level Annotations

Branches:
Dungeon (2/15)

Altars:

Annotations:
D:2 Natasha


Innate Abilities, Weirdness & Mutations

Your plain brown scales are hard. (AC +5)
You cannot fit into any form of body armour.
You are cold-blooded and may be slowed by cold attacks.


Message History

The crimson imp hits you.
* * * LOW HITPOINT WARNING * * *
The ooze barely misses you. Natasha casts a spell at you.
You feel yourself slow down.
Aiming: Random Effects
Press: ? - help, Q - select action, (/) - cycle Shift-Dir - straight line, f/p - Natasha
Aim: Natasha (almost dead, slow, heavily drained)
Okay, then.
Level annotation: Natasha Welcome back, unlimited1921 the Draconian Conjurer.
Press ? for a list of commands and other information.
Aiming: Random Effects
Press: ? - help, Q - select action, (/) - cycle Shift-Dir - straight line, f - Natasha
Aim: Natasha (almost dead, slow, heavily drained)
The puff of flame misses Natasha.
The crimson imp grinds its teeth.
The crimson imp completely misses you. The ooze barely misses you.
The crimson imp barely misses you. The ooze hits you.
You die...

.######## #.#
#.##.#####.##.# . #.#
#.##..........# . #.#
#.###.####.###### .
##+#####................
#............####.######
#...###.###........# #
#.....#.#.###..#
#...#...†.#.# # #..#
#..!..h@>...#.###..##
#...#.5.J.#.......†.#
#...#.....#.#.###...#
### ###.###.........#
... ...#..<...# ###
#..#...# .........#
...###.#.#.# .. #.#.#.#


You could see Natasha (slow, drained), a crimson imp (summoned) and an ooze.

Vanquished Creatures
  Robin (D:2)
  An ooze (D:1)
  A dart slug (D:1)
  2 leopard geckos (D:1)
  2 bats (D:1)
  2 giant cockroaches (D:1)
  8 goblins
  3 hobgoblins
  2 jackals (D:1)
  4 frilled lizards
  3 kobolds
  6 rats
35 creatures vanquished.

Notes
Turn   | Place    | Note
-------+----------+-------------------------------------------
     0 | D:1      | unlimited1921 the Draconian Conjurer began the quest for
                  | the Orb.
     0 | D:1      | Reached XP level 1. HP: 14/14 MP: 3/3
   424 | D:1      | Reached XP level 2. HP: 14/20 MP: 0/5
  1414 | D:1      | Reached XP level 3. HP: 24/26 MP: 0/6
  1658 | D:2      | Noticed Robin
  1667 | D:2      | Killed Robin
  1856 | D:2      | Noticed Natasha
  1869 | D:2      | Slain by an ooze

Illustrated notes

Levels and vault maps discovered:
D:1:      dpeg_arrival_three_same_balls, layout_rooms
D:2:      layout_basic, st_stairs_3, corexii_hall_statues_t, uniq_natasha,
          uniq_robin

Skill      XL: |  1  2  3 |
---------------+----------+-----
Stealth        | 2 |  2.4
Dodging        | 2 |  2.0
Fighting       | |  0.1
Axes           | |  0.4
Spellcasting   | |  2.2
Conjurations   | |  4.7

Action                   || total
-------------------------++-------
Melee: Hand axe          ||    49
       Tailslap          ||     5
 Cast: Magic Dart        ||    34
Evoke: Wand              ||     3
 Stab: Sleeping          ||     5
Armor: Skin              ||    26
Dodge: Dodged            ||    38
